 Dungeon Crawl Stone Soup version 0.30-a0-585-g93115170b9 (webtiles) character file.

Game seed: 5746922702783495634

74841 wormed the Spry (level 15, -7/201 HPs)
             Began as a Merfolk Berserker on Jan 2, 2023.
             Was the Champion of Trog.
             Mangled by a very large slime creature (15 damage)
             ... summoned by a boggart
             ... on level 15 of the Dungeon.
             The game lasted 00:39:42 (21836 turns).

wormed the Spry (Merfolk Berserker)                Turns: 21836, Time: 00:39:42

Health: -7/201     AC: 37    Str: 35    XL:     15   Next: 48%
Magic:  15/15      EV: 17    Int:  8    God:    Trog [******]
Gold:   1636       SH:  0    Dex: 20    Spells: 14/14 levels left

rFire   + . .      SeeInvis .    q - +3 halberd (venom)
rCold   + + .      Faith    +    (shield currently unavailable)
rNeg    . . .      Spirit   .    N - +9 scales of the Dragon King {rPois rF+ rC+ Will+}
rPois   +          Reflect  .    L - +2 hat {Stlth+}
rElec   .          Harm     .    Q - +3 cloak of Vanity {Regen+ Str+7 Int-2 Dex-3}
rCorr   .          Rampage  +    I - +1 pair of gloves of Integrity {rC+ Int+2}
Will    ++...                    h - +1 pair of boots Stlth
                                 m - amulet "Qilustrae" {Faith Rampage *Corrode Str+4}
HPRegen 1.33/turn                g - ring of Beogh's Regard {*Slow Fly AC+4 Str+4}
MPRegen 0.14/turn                o - +6 ring of dexterity

@: berserking, flying, studying Unarmed Combat, very quick
A: (nimble swimmer 2), mertail
a: Renounce Religion, Berserk, Trog's Hand, Brothers in Arms


You were on level 15 of the Dungeon.
You worshipped Trog.
Trog was exalted by your worship.
You visited 3 branches of the dungeon, and saw 21 of its levels.
You also visited: Sewer and Gauntlet.

You collected 2065 gold pieces.
You spent 429 gold pieces at shops.

Inventory:

Hand Weapons
 q - a +3 halberd of venom (weapon)
Missiles
 E - 4 throwing nets (quivered)
Armour
 h - a +1 pair of boots (worn)
 I - the +1 pair of gloves of Integrity (worn) {rC+ Int+2}
   (You found it on level 8 of the Dungeon)

   Int:       It affects your intelligence (+2).
   rC:        It protects you from cold.
 J - a +0 kite shield
 L - a +2 hat of stealth (worn)
 N - the +9 scales of the Dragon King (worn) {rPois rF+ rC+ Will+}
   (You took it off a minotaur in a Gauntlet)

   rF:        It protects you from fire.
   rC:        It protects you from cold.
   rPois:     It protects you from poison.
   Will:      It increases your willpower.
 Q - the +3 cloak of Vanity (worn) {Regen+ Str+7 Int-2 Dex-3}
   (You bought it in a shop on level 7 of the Dungeon)

   Str:       It affects your strength (+7).
   Int:       It affects your intelligence (-2).
   Dex:       It affects your dexterity (-3).
   Regen:     It increases your rate of health regeneration.
Jewellery
 e - a ring of willpower
 g - the ring of Beogh's Regard (left hand) {*Slow Fly AC+4 Str+4}
   (You found it on level 10 of the Dungeon)

   [ring of protection]

   AC:        It affects your AC (+4).
   Str:       It affects your strength (+4).
   Fly:       It grants you flight.
   *Slow:     It may slow you when you take damage.
 j - a ring of protection from cold
 m - the amulet "Qilustrae" (around neck) {Faith Rampage *Corrode Str+4}
   (You found it in a Gauntlet)

   [amulet of faith]

   It allows you to gain divine favour quickly.
   Str:       It affects your strength (+4).
   *Corrode:  It may corrode you when you take damage.
   Rampage:   It bestows one free step when moving towards enemies.
 n - a ring of protection from cold
 o - a +6 ring of dexterity (right hand)
 p - a ring of see invisible
 t - a +6 ring of intelligence
 u - a ring of positive energy
 K - a ring of flight
 O - a ring of protection from fire
 S - a ring of positive energy
 X - a +6 ring of intelligence
 Z - a +6 ring of strength
Wands
 a - a wand of polymorph (6)
 v - a wand of paralysis (35)
 y - a wand of flame (110)
 B - a wand of digging (3)
 T - a wand of acid (6)
 W - a wand of mindburst (5)
Scrolls
 b - 4 scrolls of fear
 d - 7 scrolls of teleportation
 s - 3 scrolls of enchant weapon
 z - 5 scrolls of fog
 D - 5 scrolls of magic mapping
 F - 3 scrolls of blinking
 H - 4 scrolls of poison
 M - 5 scrolls of enchant armour
 R - 8 scrolls of identify
 U - a scroll of brand weapon
Potions
 c - 8 potions of curing
 f - 3 potions of mutation
 i - 2 potions of attraction
 k - 2 potions of lignification
 l - 3 potions of flight
 r - 5 potions of resistance
 w - 3 potions of berserk rage
 x - 5 potions of haste
 A - 8 potions of ambrosia
 C - 3 potions of magic
 G - 3 potions of cancellation
 V - 4 potions of might
 Y - 3 potions of heal wounds


   Skills:
 - Level 17.5 Fighting
 - Level 12.0 Polearms
 * Level 4.1 Armour
 - Level 20.3 Dodging
 - Level 11.8 Shields


You had 14 spell levels left.
You didn't know any spells.
Your spell library was empty.

Dungeon Overview and Level Annotations

Branches:
Dungeon (15/15)            Temple (0/1) D:5            Lair (5/5) D:11
 Shoals (0/4) Lair:3       Spider (0/4) Lair:3        Slime (0/5) Lair:5
    Orc (1/2) D:10         Vaults (0/5) D:13          Sewer (visited)
Gauntlet (visited)
 Depths: D:15

Altars:
Ashenzari
Elyvilon
Fedhas
Gozag
Ru
Uskayaw
Xom
Yredelemnul
Zin
The Shining One
Jiyva
Lugonu

Shops:
D:7 [   D:10 **

Annotations:
D:7 2 transporters, themarg's ghost, novice GnTm


Innate Abilities, Weirdness & Mutations

((You are very nimble when in or above water. (Stealth+, EV+, Speed+++)))
Your lower body shifts to a powerful aquatic tail in water.


Message History

The purple ugly thing misses you.
You barely miss the purple ugly thing.
The purple ugly thing is heavily wounded.
The very large slime creature barely misses you.
The very large slime creature hits you!
* * * LOW HITPOINT WARNING * * *
The purple ugly thing claws you but does no damage.
The white ugly thing misses you.
The green ugly thing tail-slaps you but does no damage.
You closely miss the purple ugly thing.
The purple ugly thing is heavily wounded.
The water elemental barely misses you.
The cyan ugly thing basks in the mutagenic energy from its kin and changes!
The white ugly thing barely misses you. The purple ugly thing misses you.
The red ugly thing basks in the mutagenic energy from its kin and changes!
You slash the purple ugly thing!
The purple ugly thing is poisoned.
The purple ugly thing is severely wounded.
The very large slime creature closely misses you.
The very large slime creature barely misses you.
The purple ugly thing claws you but does no damage.
The white ugly thing kicks you.
* * * LOW HITPOINT WARNING * * *
The white ugly thing freezes you! You resist.
* * * LOW HITPOINT WARNING * * *
The green ugly thing basks in the mutagenic energy from its kin and changes!
The water elemental closely misses you.
The cyan ugly thing basks in the mutagenic energy from its kin and changes!
You impale the purple ugly thing!!
The purple ugly thing looks as sick as possible!
The purple ugly thing is almost dead.
You kill the purple ugly thing!
Trog accepts your kill. The purple ugly thing misses you.
The white ugly thing gores you.
* * * LOW HITPOINT WARNING * * *
The white ugly thing freezes you! You resist.
* * * LOW HITPOINT WARNING * * *
The very large slime creature hits you!!
* * * LOW HITPOINT WARNING * * *
The very large slime creature hits you!
You die...

# # ....... .......
###...............# ..
##.............g...###~~
.#......<.....g.u.#.#.~#
.#..........###u......~≈
.............##uuuu...~≈
.............##uuJu...~≈
.............#.†@Jse..~≈
##.............Euu....~~
###....#.......E.....~#
#...####............~≈
#..## ###...#........
#### #########.... ####


You could see 11 ugly things, 2 very large slime creatures, a water elemental, a
deep elf pyromancer (summoned), a culicivora shaped shifter (summoned), a fire
elemental (summoned) and 2 boggarts.

Vanquished Creatures
  A minotaur (Gauntlet)
  An entropy weaver (Gauntlet)
  A fire dragon (Lair:5)
  3 hydras
  Erolcha (D:13)
  A vault guard (D:13)
  A catoblepas (D:14)
  4 centaur warriors
  A hell beast (Gauntlet)
  6 two-headed ogres
  3 boulder beetles
  2 tengu warriors
  A vampire mage (Lair:5)
  2 death yaks (Lair:5)
  5 skeletal warriors
  Lodul (D:14)
  Pikel (D:4)
  A lindwurm (Lair:5)
  A wizard (D:14)
  7 deep elf pyromancers
  5 ugly things
  A wolf spider (Gauntlet)
  3 manticores
  5 cyclopes
  20 elephants
  2 molten gargoyles (Lair:5)
  A black mamba (Lair:5)
  An unseen horror (D:11)
  2 torpor snails
  A gargoyle (D:11)
  A rime drake (Lair:4)
  2 unseen horror zombies (D:9)
  4 cane toads
  Psyche (D:12)
  10 komodo dragons
  A queen bee (D:9)
  2 polar bears (Lair:2)
  6 trolls
  A meliai (Lair:3)
  Grinder (D:5)
  8 blink frogs
  Sigmund (D:6)
  A centaur simulacrum (D:14)
  3 slime creatures (D:14)
  A snapping turtle (Lair:3)
  A vampire (D:13)
  A shadow (D:12)
  64 yaks
  5 wyverns
  A human (Lair:5)
  A wraith (D:14)
  3 steam dragons
  Eustachio (D:5)
  5 basilisks (Lair:5)
  2 redbacks (Gauntlet)
  6 vampire mosquitoes
  3 acid dragons
  6 hell hounds
  11 water moccasins
  A floating eye (D:13)
  2 sky beasts (D:7)
  2 black bears
  11 orc warriors
  7 ogres
  12 wolves
  15 centaurs
  6 boggarts
  2 lemures
  2 phantoms (D:4)
  2 kobold brigands
  A wyvern zombie (D:9)
  5 bullfrogs
  3 gnoll sergeants (D:8)
  5 scorpions
  2 necrophages (D:7)
  16 wights
  38 killer bees
  4 howler monkeys
  An electric eel (Lair:3)
  5 lava snakes (Lair:5)
  2 centaur zombies (D:9)
  A gnoll bouda (D:6)
  3 hounds
  6 jellies
  13 orc priests
  Crazy Yiuf (D:4)
  3 iguanas
  19 orc wizards
  Robin (D:4)
  11 gnolls
  12 adders
  3 shadow imps (D:5)
  2 white imps
  2 ufetubi
  2 worms
  3 dart slugs
  53 orcs
  4 endoplasms
  16 giant cockroaches
  12 goblins
  9 hobgoblins
  4 jackals (D:4)
  5 quokkas
  4 ball pythons
  3 bats
  18 frilled lizards
  22 kobolds
  8 rats
622 creatures vanquished.

Vanquished Creatures (collateral kills)
  Gastronok (D:8)
  2 elephants (Lair:3)
  2 blink frogs (Lair:3)
  2 yaks (Lair:3)
  A killer bee (Lair:3)
8 creatures vanquished.

Vanquished Creatures (others)
  A steam dragon (Lair:5)
  An orc wizard (D:10)
  4 bushes (Lair:5)
  A demonic plant (D:5)
  14 fungi
  17 plants
  A withered plant (D:9)
39 creatures vanquished.

Grand Total: 669 creatures vanquished

Notes
Turn   | Place    | Note
-------+----------+-------------------------------------------
     0 | D:1      | wormed the Merfolk Berserker began the quest for the Orb.
     0 | D:1      | Reached XP level 1. HP: 18/18 MP: 1/1
   336 | D:1      | Reached skill level 3 in Dodging
   336 | D:1      | Reached XP level 2. HP: 23/24 MP: 2/2
   735 | D:2      | Reached XP level 3. HP: 26/30 MP: 3/3
   828 | D:2      | Reached skill level 5 in Polearms
   828 | D:2      | Reached ** piety under Trog
   887 | D:2      | Found a white marble altar of Elyvilon.
  1076 | D:2      | Reached XP level 4. HP: 37/37 MP: 4/4
  1486 | D:3      | Found a hide-covered altar of Uskayaw.
  2075 | D:3      | Found a faded altar of an unknown god.
  2078 | D:3      | Found a glowing silver altar of Zin.
  2225 | D:4      | Noticed a lemure
  2228 | D:4      | Noticed a lemure
  2260 | D:3      | Killed a lemure
  2338 | D:4      | Killed a lemure
  2396 | D:4      | Noticed Pikel
  2399 | D:4      | Noticed a lemure
  2400 | D:4      | Noticed a lemure
  2409 | D:4      | Killed Pikel
  2410 | D:4      | Reached skill level 5 in Fighting
  2410 | D:4      | Reached skill level 5 in Dodging
  2410 | D:4      | Reached XP level 5. HP: 44/44 MP: 5/5
  2410 | D:4      | Reached XP level 6. HP: 51/51 MP: 6/6
  2410 | D:4      | Reached XP level 7. HP: 56/56 MP: 7/7
  2603 | D:4      | Reached skill level 6 in Dodging
  2724 | D:4      | Noticed Robin
  2740 | D:4      | Killed Robin
  2944 | D:4      | Reached XP level 8. HP: 53/64 MP: 8/8
  3159 | D:4      | Reached *** piety under Trog
  3321 | D:4      | Found a runed translucent door.
  3322 | D:4      | Noticed Crazy Yiuf
  3485 | D:4      | Killed Crazy Yiuf
  3701 | D:5      | Entered Level 5 of the Dungeon
  3865 | D:5      | Reached skill level 10 in Polearms
  3865 | D:5      | Reached skill level 7 in Dodging
  3941 | D:5      | Found a staircase to the Ecumenical Temple.
  4082 | D:5      | Noticed Grinder
  4085 | D:5      | Found a broken altar of Ashenzari.
  4093 | D:5      | Killed Grinder
  4647 | D:5      | Noticed Eustachio
  4691 | D:5      | Killed Eustachio
  4692 | D:5      | Reached XP level 9. HP: 31/69 MP: 9/9
  5042 | D:6      | Found a sacrificial altar of Ru.
  5125 | D:6      | Found a glowing drain.
  5148 | Sewer    | Entered a sewer
  5178 | Sewer    | Reached skill level 8 in Dodging
  5207 | Sewer    | Reached **** piety under Trog
  5423 | D:6      | Found a basalt altar of Yredelemnul.
  6062 | D:6      | Noticed Sigmund
  6069 | D:6      | Killed Sigmund
  6231 | D:6      | Found an opulent altar of Gozag.
  6578 | D:7      | Found a white marble altar of Elyvilon.
  6620 | D:7      | Reached skill level 9 in Dodging
  7063 | D:7      | Found a transporter.
  7074 | D:7      | Found a transporter.
  7078 | D:7      | Noticed a komodo dragon
  7089 | D:7      | Killed a komodo dragon
  7090 | D:7      | Reached skill level 10 in Dodging
  7214 | D:7      | Noticed themarg's ghost (novice GnTm)
  7236 | D:7      | Reached XP level 10. HP: 76/82 MP: 10/10
  7394 | D:7      | Found Johilu's Armour Shop.
  8199 | D:8      | Reached skill level 11 in Dodging
  8244 | D:8      | Identified the +1 pair of gloves of Integrity {rC+ Int+2}
  8250 | D:8      | Reached ***** piety under Trog
  8413 | D:8      | Reached skill level 10 in Fighting
  8450 | D:8      | Noticed a manticore
  8464 | D:8      | Killed a manticore
  8829 | D:8      | Reached skill level 12 in Dodging
  9418 | D:8      | Noticed Gastronok
  9465 | D:8      | Killed Gastronok
  9680 | D:9      | Reached skill level 13 in Dodging
  9680 | D:9      | Reached XP level 11. HP: 83/93 MP: 11/11
 10298 | D:9      | Noticed a two-headed ogre
 10306 | D:9      | Killed a two-headed ogre
 10400 | D:9      | Reached skill level 14 in Dodging
 10981 | D:9      | Found a blossoming altar of Fedhas.
 11023 | D:10     | Entered Level 10 of the Dungeon
 11079 | D:10     | Noticed a two-headed ogre
 11087 | D:10     | Killed a two-headed ogre
 11132 | D:10     | Found Ilikiux Niur's CLEARANCE SALE!.
 11252 | D:10     | Reached skill level 15 in Dodging
 11409 | D:10     | Found a staircase to the Orcish Mines.
 11426 | D:10     | Received a gift from Trog
 11714 | D:10     | Found a glowing golden altar of the Shining One.
 11729 | D:10     | Reached XP level 12. HP: 105/105 MP: 12/12
 11878 | D:10     | Found Siubbi's Lightly-Used Armoury.
 11954 | D:10     | Found a shimmering altar of Xom.
 12019 | D:10     | Identified the ring of Beogh's Regard {*Slow Fly AC+4
                  | Str+4}
 12055 | D:10     | Noticed a two-headed ogre
 12061 | D:10     | Killed a two-headed ogre
 12257 | Orc:1    | Entered Level 1 of the Orcish Mines
 12297 | D:11     | Reached skill level 16 in Dodging
 12742 | D:11     | Found a staircase to the Lair.
 12798 | D:11     | Noticed a two-headed ogre
 12805 | D:11     | Killed a two-headed ogre
 13079 | D:7      | Bought the +3 cloak of Vanity {Regen+ Str+7 Int-2 Dex-3}
                  | for 429 gold pieces
 13177 | Lair:1   | Entered Level 1 of the Lair of Beasts
 13269 | Lair:1   | Reached skill level 17 in Dodging
 13338 | Lair:1   | Reached skill level 1 in Shields
 14534 | Lair:2   | Noticed a six-headed hydra
 14543 | Lair:2   | Killed a nine-headed hydra
 14544 | Lair:2   | Reached skill level 15 in Fighting
 14595 | Lair:2   | Reached XP level 13. HP: 115/115 MP: 13/13
 14802 | Lair:2   | Reached skill level 5 in Shields
 15241 | Lair:3   | Received a gift from Trog
 15511 | Lair:3   | Found a hole to the Spider Nest.
 15596 | Lair:3   | Found a staircase to the Shoals.
 15831 | Lair:3   | Reached skill level 18 in Dodging
 16526 | Lair:4   | Identified the +10 quarterstaff of Roagh {flame, rElec
                  | rPois rC-}
 16801 | Lair:5   | Entered Level 5 of the Lair of Beasts
 16950 | Lair:5   | Received a gift from Trog
 16975 | Lair:5   | Noticed a fire dragon
 16979 | Lair:5   | Found a large runed translucent door.
 16979 | Lair:5   | Found a large runed translucent door.
 17026 | Lair:5   | Reached XP level 14. HP: 93/125 MP: 14/14
 17054 | Lair:5   | HP: 2/125 [komodo dragon (11)]
 17286 | Lair:5   | Found a viscous altar of Jiyva.
 17294 | Lair:5   | Found a staircase to the Slime Pits.
 17410 | Lair:5   | Reached ****** piety under Trog
 17462 | Lair:5   | Reached skill level 19 in Dodging
 17857 | Lair:5   | Reached skill level 10 in Shields
 17890 | Lair:5   | Found a runed translucent door.
 18622 | D:12     | Received a gift from Trog
 18927 | D:12     | Noticed Psyche
 18945 | D:12     | Killed Psyche
 19673 | D:13     | Noticed Erolcha
 19680 | D:13     | Killed Erolcha
 19781 | D:13     | Paralysed by a floating eye for 2 turns
 19785 | D:13     | Reached XP level 15. HP: 73/134 MP: 15/15
 19795 | D:13     | Reached skill level 20 in Dodging
 20028 | D:13     | Found a gate to the Vaults.
 20292 | D:14     | Found a gate leading to a gauntlet.
 20309 | Gauntlet | Entered a Gauntlet
 20309 | Gauntlet | Found a large runed translucent door.
 20309 | Gauntlet | Found a large runed translucent door.
 20309 | Gauntlet | Found a large runed translucent door.
 20309 | Gauntlet | Found a large runed translucent door.
 20309 | Gauntlet | Found a large runed translucent door.
 20309 | Gauntlet | Found a large runed translucent door.
 20309 | Gauntlet | Found a runed translucent door.
 20309 | Gauntlet | Found a transporter.
 20309 | Gauntlet | Found a runed translucent door.
 20309 | Gauntlet | Found a large runed translucent door.
 20309 | Gauntlet | Found a large runed translucent door.
 20309 | Gauntlet | Found a large runed translucent door.
 20309 | Gauntlet | Found a large runed translucent door.
 20309 | Gauntlet | Found a large runed translucent door.
 20309 | Gauntlet | Found a large runed translucent door.
 20318 | Gauntlet | Found a transporter.
 20335 | Gauntlet | Found a transporter.
 20339 | Gauntlet | Found a transporter.
 20354 | Gauntlet | Found the +1 cloak of Starlight {*Dazzle EV+4 Stlth--}
 20360 | Gauntlet | Found a transporter.
 20373 | Gauntlet | Found a transporter.
 20387 | Gauntlet | Found a transporter.
 20416 | Gauntlet | Found a transporter.
 20416 | Gauntlet | Found a transporter.
 20421 | Gauntlet | Found a transporter.
 20441 | Gauntlet | Found a large runed translucent door.
 20441 | Gauntlet | Found a large runed translucent door.
 20442 | Gauntlet | Found a runed translucent gate.
 20442 | Gauntlet | Found a runed translucent gate.
 20450 | Gauntlet | Found a transporter.
 20450 | Gauntlet | Found a transporter.
 20451 | Gauntlet | Found a runed translucent gate.
 20483 | Gauntlet | Found a large runed translucent door.
 20483 | Gauntlet | Found a large runed translucent door.
 20578 | Gauntlet | Identified the amulet "Qilustrae" {Faith Rampage *Corrode
                  | Str+4}
 20626 | Gauntlet | Identified the +3 dire flail "Fexacet" {heavy, Dex+4}
 20714 | Gauntlet | Identified the +1 cloak of the Other World {rN+}
 20714 | Gauntlet | Identified the +5 scale mail of the Raven {Drain +Inv rF+}
 20875 | D:14     | Found a corrupted altar of Lugonu.
 21250 | D:14     | Noticed Lodul
 21420 | D:14     | Killed Lodul
 21776 | D:15     | Entered Level 15 of the Dungeon
 21836 | D:15     | HP: 8/201 [very large slime creature[a boggart] (24)]
 21836 | D:15     | Mangled by a very large slime creature

Illustrated notes

Levels and vault maps discovered:
D:1:      tarquinn_simple_flora_water_d, layout_loops_cross, minmay_tetromino_i2
D:2:      layout_rooms, basic_altar, eino_tiny_chamber, minmay_lizard_pond
D:3:      layout_basic, nicolae_uskayaw_suspiria,
          nicolae_overflow_ecumenical_swirl
D:4:      layout_rooms, grunt_ministairs_1, minmay_goblin_kobold_house,
          uniq_pikel, uniq_crazy_yiuf_cottage, uniq_robin
D:5:      layout_layer_cave, nicolae_ashenzari_skybound,
          minmay_temple_entry_glassed_door, serial_demonic, serial_demonic_c,
          serial_demonic_e, serial_demonic_e, serial_demonic_c, uniq_eustachio,
          uniq_grinder
D:6:      layout_loops_corners, mainiacjoe_overflow_tiny_flanked,
          lemuel_coloured_pillars_altar, marbit_many_paths,
          gup_sewer_entry_glass, uniq_sigmund
D:7:      layout_basic, mainiacjoe_overflow_catwalk, gammafunk_ghost_stat_death,
          serial_shops, shop, grunt_ministairs_3
D:8:      layout_cave_pools, sword_in_stone, uniq_gastronok
D:9:      minmay_recursive_quarters, layout_irregular_city, fedhas_altar_4,
          serial_undead, serial_undead_a, serial_undead_a, serial_undead_a,
          serial_undead_d, serial_undead_c, minivault_7
D:10:     layout_roguey, old_standard_altar, kennysheep_little_box, david_orc_5,
          minmay_shop_damaged, serial_bayou_pond_d, nicolae_shop_clearance
D:11:     layout_rooms, lair_entry_dummy
D:12:     minmay_goldmine, layout_basic, uniq_psyche
D:13:     layout_basic, david_vaults_5, onia_ninara_cookie, uniq_erolcha
D:14:     layout_stronghold, roderic_roman_lattice, gauntlet_entry_generic,
          tgw_lugonu_bribe, uniq_lodul
D:15:     hangedman_depths_entry_civil_slaughter, layout_cave_pools,
          minmay_crystal_water, ice2_lemuel
Lair:1:   layout_layer_cave
Lair:2:   layout_gridlike
Lair:3:   layout_cave_pods, minmay_shoals_entry_hut,
          hellmonk_spider_entry_not_the_bees
Lair:4:   layout_roguey, infiniplex_staircase_pool
Lair:5:   cheibrodos_lair_end_hotspot, layout_regular_city,
          nicolae_slime_entry_field_trip, pdpol_lair_cabin_in_the_woods
Orc:1:    layout_caves, basic_altar, mines3_lemuel

Skill      XL: |  1  2  3  4  5  6  7  8  9 10 11 12 13 14 15 |
---------------+----------------------------------------------+-----
Dodging        | 3 5 6 7 10 13 15 17 18 19 20 | 20.3
Polearms       | 5 8 9 11 12 | 12.0
Fighting       | 5 7 8 11 13 15 16 17 | 17.5
Shields        | 3 8 11 | 11.8
Armour         | 4 |  4.1

Action                   |  1- 3 |  4- 6 |  7- 9 | 10-12 | 13-15 || total
-------------------------+-------+-------+-------+-------+-------++-------
Melee: Spear             |    92 |    99 |   159 |       |       ||   350
       Punch             |     1 |     1 |       |       |       ||     2
       Quarterstaff      |       |       |   200 |       |       ||   200
       Halberd           |       |       |    62 |   701 |   978 ||  1741
       Tailslap          |       |       |     4 |       |       ||     4
Invok: Berserk           |     1 |     1 |     6 |     3 |     4 ||    15
       Brothers in Arms  |       |       |       |     1 |     2 ||     3
       Trog's Hand       |       |       |       |     1 |     1 ||     2
  Use: Potion            |     1 |       |       |     3 |       ||     4
       Scroll            |       |     8 |     8 |    12 |     4 ||    32
 Stab: Sleeping          |     5 |     3 |     8 |    13 |     2 ||    31
       Paralysed         |       |       |     1 |       |       ||     1
       Distracted        |       |       |       |     2 |     4 ||     6
       Petrifying        |       |       |       |       |     1 ||     1
Armor: Animal skin       |    13 |       |       |       |       ||    13
       Leather armour    |       |    15 |    73 |   105 |       ||   193
       Troll leather arm |       |       |       |    56 |   348 ||   404
       Gold dragon scale |       |       |       |       |   122 ||   122
Dodge: Dodged            |    49 |    57 |   290 |   837 |  1449 ||  2682

Table legend: (Time is in decaauts)
 A = Elapsed time spent in this place.
 B = Non-inter-level travel time spent in this place.
 C = Inter-level travel time spent in this place.
 D = Time resting spent in this place.
 E = Time spent auto-exploring this place.
 F = Levels seen in this place.
 G = Mean time per level.
                   A        B        C        D        E       F      G
               +--------+--------+--------+--------+--------+-----+--------+
         Total |  21638 |  20263 |   1375 |   1993 |  14084 |  23 |  940.8 |
       Dungeon |  15741 |  14740 |   1001 |   1938 |   9975 |  15 | 1049.4 |
          Lair |   5225 |   4852 |    373 |     32 |   3862 |   5 | 1045.0 |
  Orcish Mines |      1 |      1 |      0 |      0 |      0 |   1 |    1.0 |
         Sewer |    205 |    205 |      0 |      0 |     63 |   1 |  205.0 |
      Gauntlet |    464 |    464 |      0 |     22 |    183 |   1 |  464.0 |
               +--------+--------+--------+--------+--------+-----+--------+

Top non-repeatable levels by time:
     D:7: 1651 daAuts
  Lair:5: 1561 daAuts
     D:8: 1552 daAuts
     D:9: 1499 daAuts
     D:4: 1441 daAuts
  Lair:1: 1362 daAuts
     D:6: 1346 daAuts
     D:5: 1309 daAuts
    D:10: 1251 daAuts
    D:12: 1063 daAuts
    D:14: 1019 daAuts
  Lair:3: 862 daAuts
     D:3: 848 daAuts
     D:1: 752 daAuts
  Lair:4: 743 daAuts
